 Dungeon Crawl Stone Soup version 0.30-a0-377-g5cb311bc9f (webtiles) character file.

Game seed: 4584755502591756189

107668 qeuew the Severer (level 16, -5/147 HPs)
             Began as a Hill Orc Fighter on Nov 29, 2022.
             Was a Priest of Lugonu.
             Slain by a seven-headed hydra (8 damage)
             ... called by a spriggan druid
             ... on level 3 of the Swamp on Nov 30, 2022.
             The game lasted 00:52:57 (22544 turns).

qeuew the Severer (Hill Orc Fighter)               Turns: 22544, Time: 00:52:58

Health: -5/147     AC: 32    Str: 27    XL:     16   Next: 47%
Magic:  21/21      EV: 13    Int:  8    God:    Lugonu [***...]
Gold:   2381       SH: 23    Dex: 16    Spells: 15/15 levels left

rFire   . . .      SeeInvis +    e - +14 obsidian axe {vorpal, Mesm Drain Fly SInv}
rCold   . . .      Faith    .    B - +0 tower shield
rNeg    + . .      Spirit   .    E - +0 pearl dragon scales
rPois   +          Reflect  +    f - +2 helmet
rElec   .          Harm     .    F - +2 cloak {rPois}
rCorr   .          Rampage  .    s - +2 pair of gloves
Will    +....                    (no boots)
Stlth   ..........               K - amulet "Xokum" {Reflect Fly rPois SH+5}
HPRegen 0.44/turn                o - +6 ring of strength
MPRegen 0.17/turn                w - +4 ring of protection

@: about to teleport, marked, flying, mesmerised
A: iridescent scales 1
a: Renounce Religion, Depart the Abyss, Banish


You were on level 3 of the Swamp.
You worshipped Lugonu.
Lugonu was most pleased with you.
You visited 4 branches of the dungeon, and saw 25 of its levels.
You visited the Abyss 1 time.

You collected 6862 gold pieces.
You spent 947 gold pieces at shops.
You paid 3534 gold pieces to Gozag.

Inventory:

Hand Weapons
 a - a +0 war axe
 e - the +14 obsidian axe (weapon) {vorpal, Mesm Drain Fly SInv}
   (You acquired it on level 1 of the Dungeon)

   It inflicts extra damage upon your enemies.
   It occasionally summons demons to assist the wielder when it strikes in
   combat.
   Its wielder is mesmerised by any visible foes.
   It cannot be unequipped while any foes are visible.
   SInv:      It lets you see invisible.
   Fly:       It grants you flight.
   Drain:     It drains your maximum health when unequipped.
Missiles
 l - 2 throwing nets
Armour
 f - a +2 helmet (worn)
 s - a +2 pair of gloves (worn)
 B - a +0 tower shield (worn)
 E - +0 pearl dragon scales (worn)
 F - a +2 cloak of poison resistance (worn)
Jewellery
 o - a +6 ring of strength (left hand)
 w - a +4 ring of protection (right hand)
 K - the amulet "Xokum" (around neck) {Reflect Fly rPois SH+5}
   (You bought it in a shop on level 5 of the Lair of Beasts)

   [amulet of reflection]

   It reflects blocked missile attacks.
   rPois:     It protects you from poison.
   Fly:       It grants you flight.
   SH:        It affects your SH (+5).
Wands
 m - a wand of charming (17)
 n - a wand of iceblast (4)
 q - a wand of flame (44)
 u - a wand of polymorph (12)
 x - a wand of mindburst (1) (quivered)
 N - a wand of acid (4)
Scrolls
 g - 4 scrolls of magic mapping
 i - 2 scrolls of fear
 j - a scroll of butterflies
 k - a scroll of teleportation
 r - a scroll of acquirement
 t - 3 scrolls of blinking
 D - 8 scrolls of identify
 G - 2 scrolls of silence
 H - 4 scrolls of enchant weapon
 I - 4 scrolls of poison
 M - 4 scrolls of enchant armour
Potions
 b - 2 potions of ambrosia
 d - 4 potions of might
 h - 5 potions of haste
 p - 8 potions of resistance
 v - a potion of heal wounds
 z - 2 potions of mutation
 A - 10 potions of curing
 J - 2 potions of cancellation
 O - a potion of berserk rage
Miscellaneous
 c - a phantom mirror
 C - a lightning rod (3/4)


   Skills:
 + Level 14.5 Fighting
 + Level 15.6 Axes
 + Level 13.4 Armour
 + Level 10.1 Dodging
 + Level 13.4 Shields
 * Level 7.6 Invocations
 + Level 11.8 Evocations


You had 15 spell levels left.
You didn't know any spells.
Your spell library contained the following spells:

 Spells                   Type           Power      Damage    Failure   Level
 Apportation              Tloc           0%         N/A       98%         1
 Freeze                   Ice            0%         1d3       98%         1
 Kiss of Death            Conj/Necr      0%         2d5       98%         1
 Necrotise                Necr           0%         1d4       98%         1
 Summon Small Mammal      Summ           0%         N/A       98%         1
 Blink                    Tloc           0%         N/A       99%         2
 Momentum Strike          Conj/Tloc      0%         3d8       99%         2
 Sublimation of Blood     Necr           0%         N/A       99%         2
 Wereblood                Tmut           0%         N/A       99%         2
 Confusing Touch          Hex            0%         N/A       100%        3
 Frozen Ramparts          Ice            0%         1d1       100%        3
 Hailstorm                Conj/Ice       0%         3d3       100%        3
 Ignite Poison            Fire/Tmut/Pois 0%         N/A       100%        3
 Kindle Blastsparks       Fire/Tloc/Air  0%         2d10      100%        3
 Lesser Beckoning         Tloc           0%         N/A       100%        3
 Ozocubu's Armour         Ice            0%         N/A       100%        3
 Animate Dead             Necr           0%         N/A       100%        4
 Dispel Undead            Necr           0%         3d6       100%        4
 Manifold Assault         Tloc           0%         N/A       100%        4
 Petrify                  Tmut/Erth      0%         N/A       100%        4
 Summon Lightning Spire   Summ/Air       0%         N/A       100%        4
 Alistair's Intoxication  Tmut/Pois      0%         N/A       100%        5
 Borgnjor's Vile Clutch   Necr/Erth      0%         N/A       100%        5
 Freezing Cloud           Conj/Ice/Air   0%         6-21      100%        5
 Iskenderun's Battlesphe  Conj           0%         2d6       100%        5
 Metabolic Englaciation   Hex/Ice        0%         N/A       100%        5
 Death Channel            Necr           0%         N/A       100%        6
 Iron Shot                Conj/Erth      0%         9d1       100%        6
 Statue Form              Tmut/Erth      0%         N/A       100%        6
 Ozocubu's Refrigeration  Ice            0%         4d7       100%        7
 Spellforged Servitor     Conj/Summ      0%         N/A       100%        7
 Storm Form               Tmut/Air       0%         N/A       100%        7
 Summon Hydra             Summ           0%         N/A       100%        7
 Maxwell's Capacitive Co  Air            0%         ∞         100%        8
 Chain Lightning          Conj/Air       0%         N/A       100%        9
 Fire Storm               Conj/Fire      0%         5d1       100%        9
 Shatter                  Erth           0%         3d5*      100%        9


Dungeon Overview and Level Annotations

Branches:
Dungeon (15/15)            Temple (0/1) D:7            Lair (5/5) D:8
  Swamp (3/4) Lair:2       Spider (0/4) Lair:3        Slime (0/5) Lair:5
    Orc (2/2) D:12            Elf (0/3) Orc:2        Vaults (0/5) D:13
 Depths (0/4) D:15

Altars:
Cheibriados
Gozag
Kikubaaqudgha
Nemelex Xobeh
Okawaru
Xom
Beogh

Shops:
D:6 [   D:8 ?   Orc:1 *   Orc:2 [*(*   Lair:5 =


Innate Abilities, Weirdness & Mutations

You are partially covered in iridescent scales. (AC +2)


Message History

You block the seven-headed hydra's attack.
The seven-headed hydra bites you but does no damage.
The seven-headed hydra barely misses you.
You block the seven-headed hydra's attack.
The seven-headed hydra bites you but does no damage.
The seven-headed hydra bites you! x2; The ghost crab barely misses you.
The ghost crab claws you but does no damage.
The spriggan rider hits you from afar with a +0 spear.
The eleionoma hits you! You block the alligator's attack.
The alligator barely misses you.
The spriggan rider hits you but does no damage.
The seven-headed hydra bites you but does no damage.
The seven-headed hydra bites you!
* * * LOW HITPOINT WARNING * * *
The seven-headed hydra closely misses you. x2
The seven-headed hydra bites you!
* * * LOW HITPOINT WARNING * * *
The seven-headed hydra bites you but does no damage. x2
Okay, then.
Aiming: Thunderbolt
Press: ? - help, Shift-Dir - straight line, f - seven-headed hydra, p - eleionoma
Aim: a seven-headed hydra (berserk, incited by Gozag)
The thunderbolt hits the seven-headed hydra!
The seven-headed hydra is lightly wounded.
Visions of slaying the eleionoma flood into your mind.
The alligator bites you but does no damage.
You block the alligator's attack. You block the eleionoma's attack.
The ghost crab breathes spectral mist at you.
The spectral mist engulfs you but does no damage.
The spriggan rider hits you from afar with a +0 spear!
* * * LOW HITPOINT WARNING * * *
The seven-headed hydra is engulfed in spectral mist.
The seven-headed hydra closely misses you.
The seven-headed hydra barely misses you.
You block the seven-headed hydra's attack.
The seven-headed hydra bites you but does no damage. x2
The seven-headed hydra bites you!
* * * LOW HITPOINT WARNING * * *
The seven-headed hydra bites you!
You die...

♣...~....♣
♣♣~~~..~.♣
♣....~..♣♣♣
♣♣♣♣♣.~~~~.~..♣
♣♣.♣.♣♣~♣..~~.~.
♣.~/~~♣♣~..♣♣~.
♣~~...♣.~..♣♣.
♣.~§§§.~...~~♣
♣♣♣R@§~.......
♣itDt~..~.~..
♣.ii~...§....~
♣.w~........~.♣
♣~.♣.~~.~.$.~..
§n........$.....
♣.....PP....PP..


♣~§~.PPPP≈≈PPPP You could see an eleionoma (mesmerising, fast, incited), an
alligator (berserk, incited), a seven-headed hydra (berserk, incited), 2
spriggan riders, a ghost crab, a spriggan druid (fast, incited), a bog body
(fast, incited) and a swamp worm (berserk, incited).

Vanquished Creatures
  2 thorn hunters
  An orc warlord (Orc:2)
  A very ugly thing (Abyss:2)
  An eleionoma (Swamp:1)
  A bunyip (Swamp:2)
  2 shambling mangroves (Swamp:2)
  5 hydras
  2 vault guards (D:13)
  A rakshasa (D:14)
  2 centaur warriors
  A catoblepas (Lair:4)
  6 two-headed ogres
  6 alligators
  3 boulder beetles
  The ghost of KarmaKiller the Basher, a journeyman GrBe of Trog (Orc:2)
  2 death yaks (D:8)
  A death knight (D:15)
  2 tengu warriors
  An orc high priest (Orc:2)
  Nergalle (Lair:1)
  3 spriggans
  4 skeletal warriors
  A spatial maelstrom (Abyss:2)
  Amaemon (Lair:3)
  A flayed ghost (D:15)
  A spriggan druid (Swamp:1)
  2 swamp dragons
  A wizard (D:12)
  A lindwurm (Lair:3)
  An orc knight (Orc:2)
  2 bog bodies (Swamp:1)
  2 deep elf pyromancers
  5 orc sorcerers
  A mana viper (Abyss:2)
  A manticore (D:13)
  4 ugly things
  3 will-o-the-wisps
  3 cyclopes
  4 elephants
  A guardian serpent (Lair:5)
  4 black mambas
  A fire giant skeleton (D:15)
  An orange demon (Lair:3)
  A gargoyle (D:12)
  11 cane toads
  2 rime drakes
  6 komodo dragons
  A tengu conjurer (D:14)
  9 hornets
  A wolf spider simulacrum (D:15)
  A bloated husk (Swamp:2)
  2 tyrant leeches
  A troll (D:14)
  6 polar bears
  2 raiju (Abyss:2)
  4 slime creatures
  7 blink frogs
  2 jumping spiders (Lair:3)
  2 wraiths
  3 shadows
  A water elemental (D:11)
  19 yaks
  10 wyverns
  8 humans (D:13)
  2 redbacks
  2 basilisks (Lair:1)
  A fire elemental (Lair:2)
  7 vampire mosquitoes
  A steam dragon (D:11)
  5 swamp worms
  2 wargs (Orc:2)
  2 acid dragons
  A spatial vortex (Abyss:2)
  A two-headed ogre zombie (D:12)
  12 water moccasins
  A swamp drake (Swamp:1)
  A glowing shapeshifter skeleton (D:15)
  17 orc warriors
  A sky beast (D:6)
  A small abomination (Abyss:2)
  A black bear (D:5)
  2 ice beasts
  6 ogres
  2 boggarts (D:15)
  5 centaurs
  7 wolves
  A kobold brigand (D:6)
  18 bullfrogs
  2 necrophages
  A gnoll sergeant (D:10)
  4 wights (D:10)
  2 killer bees (D:8)
  7 electric eels (D:11)
  3 howler monkeys
  2 lava snakes (Lair:2)
  13 orc priests
  2 hounds (D:6)
  Crazy Yiuf (D:3)
  5 gnoll boudas
  2 iguanas
  18 orc wizards
  4 hell rats (D:8)
  2 ogre zombies (D:12)
  25 gnolls
  4 adders
  A river rat (D:8)
  3 white imps
  2 ufetubi
  2 dart slugs
  54 orcs
  6 ball pythons
  5 bats
  4 endoplasms
  3 giant cockroaches
  6 hobgoblins
  4 jackals (D:3)
  15 kobolds
  11 quokkas
  3 frilled lizards
  10 goblins
  3 goblin skeletons (D:12)
  A goblin zombie (D:12)
  A hobgoblin skeleton (D:12)
  5 hobgoblin zombies (D:12)
  An orc skeleton (D:12)
  8 orc zombies (D:12)
  4 rats
  A bush (D:12)
  2 starspawn tentacles (Abyss:2)
540 creatures vanquished.

Vanquished Creatures (collateral kills)
  A tentacled starspawn (Abyss:2)
  A very ugly thing (Abyss:2)
  An ogre mage (D:15)
  A centaur warrior (D:15)
  2 hydras
  A boulder beetle (D:15)
  3 two-headed ogres
  3 alligators
  An orc high priest (Orc:2)
  A death yak (D:8)
  3 skeletal warriors
  A spriggan druid (Swamp:2)
  2 bog bodies (Swamp:1)
  The ghost of Zonian the Ducker, a novice DjIE of Nemelex Xobeh (D:6)
  A necromancer (D:15)
  A deep elf pyromancer (D:14)
  An orc knight (Orc:2)
  3 ugly things (D:15)
  2 wolf spiders (Lair:5)
  An orc sorcerer (Orc:2)
  4 slime creatures
  6 elephants
  4 black mambas (Lair:5)
  Joseph (D:9)
  A torpor snail (Lair:5)
  8 cane toads
  2 rime drakes
  A tengu conjurer (D:15)
  A troll (Orc:1)
  3 hornets
  A polar bear (Lair:3)
  A spriggan zombie (D:15)
  4 blink frogs
  A jumping spider (Lair:3)
  A spriggan (Swamp:1)
  A shadow (D:12)
  2 basilisks
  5 wyverns
  6 yaks
  A redback (Lair:3)
  2 humans (D:13)
  2 steam dragons (D:8)
  2 vampire mosquitoes
  A human zombie (D:15)
  A two-headed ogre zombie (D:12)
  A swamp worm (Swamp:2)
  9 water moccasins
  A swamp drake (Swamp:2)
  An ice beast (D:6)
  4 orc warriors
  A wolf (Lair:3)
  2 ogres
  A boggart (D:15)
  2 centaurs (D:9)
  A scorpion (D:4)
  3 bullfrogs (Lair:3)
  A killer bee (D:8)
  2 howler monkeys (D:9)
  2 orc priests (Orc:2)
  A hound (D:7)
  2 orc wizards
  4 ogre zombies (D:12)
  2 adders
  6 gnolls
  An ufetubus (D:5)
  A worm (D:3)
  2 dart slugs
  24 orcs
  A giant cockroach (D:4)
  2 goblins
  2 kobolds
  A quokka (D:8)
  2 ball pythons
  A goblin skeleton (D:12)
  A hobgoblin zombie (D:12)
  An orc skeleton (D:12)
  3 orc zombies (D:12)
  A fungus (Lair:5)
  2 plants (Lair:5)
  A starspawn tentacle (Abyss:2)
185 creatures vanquished.

Vanquished Creatures (others)
  An orc sorcerer (Orc:2)
  A troll (Orc:2)
  2 wargs (Orc:2)
  6 orc warriors (Orc:2)
  2 ogres (Orc:2)
  3 orc priests (Orc:2)
  3 orc wizards (Orc:2)
  9 orcs
  2 bushes
  8 foxfires
  31 fungi
  53 plants
  11 starspawn tentacles (Abyss:2)
  5 withered plants
137 creatures vanquished.

Grand Total: 862 creatures vanquished

Notes
Turn   | Place    | Note
-------+----------+-------------------------------------------
     0 | D:1      | qeuew the Hill Orc Fighter began the quest for the Orb.
     0 | D:1      | Reached XP level 1. HP: 19/19 MP: 1/1
   254 | D:1      | Reached XP level 2. HP: 27/27 MP: 2/2
   529 | D:1      | Reached skill level 3 in Axes
   654 | D:1      | Reached XP level 3. HP: 33/33 MP: 3/3
   833 | D:1      | Identified a scroll of acquirement
   833 | D:1      | Acquired the +14 obsidian axe {vorpal, Mesm Drain Fly SInv}
   833 | D:1      | Found the +14 obsidian axe {vorpal, Mesm Drain Fly SInv}
   952 | D:2      | Found an opulent altar of Gozag.
   978 | D:2      | Became a worshipper of Gozag Ym Sagoz the Greedy
  1133 | D:2      | Reached skill level 1 in Dodging
  1403 | D:2      | Reached XP level 4. HP: 40/40 MP: 4/4
  1571 | D:2      | Gained mutation: You have hidden genetic potential. [potion
                  | of mutation]
  1571 | D:2      | Gained mutation: You occasionally lose the ability to drink
                  | potions when taking damage. [potion of mutation]
  1571 | D:2      | Gained mutation: Your mind is acute. (Int +4, Str/Dex -1)
                  | [potion of mutation]
  1607 | D:3      | Reached skill level 1 in Evocations
  1607 | D:3      | Reached XP level 5. HP: 35/46 MP: 5/5
  1612 | D:3      | Gained mutation: Your mind is very acute. (Int +8, Str/Dex
                  | -2) [hidden potential]
  2097 | D:3      | Found a runed translucent door.
  2098 | D:3      | Noticed Crazy Yiuf
  2339 | D:3      | Killed Crazy Yiuf
  2340 | D:3      | Reached skill level 4 in Axes
  2495 | D:4      | Noticed a water moccasin
  2498 | D:4      | Killed a water moccasin
  2499 | D:4      | Reached XP level 6. HP: 43/53 MP: 6/6
  2503 | D:4      | Gained mutation: Your spells are a little harder to cast,
                  | but a little more powerful. [hidden potential]
  2503 | D:4      | Lost mutation: You have hidden genetic potential. [hidden
                  | potential expressed]
  2674 | D:4      | Reached skill level 5 in Fighting
  2674 | D:4      | Reached XP level 7. HP: 61/61 MP: 7/7
  3269 | D:4      | Lost mutation: Your mind is very acute. (Int +8, Str/Dex
                  | -2) [potion of mutation]
  3269 | D:4      | Lost mutation: Your mind is acute. (Int +4, Str/Dex -1)
                  | [potion of mutation]
  3269 | D:4      | Gained mutation: You are frail. (-10% HP) [potion of
                  | mutation]
  3269 | D:4      | Gained mutation: Your muscles are strong. (Str +4, Int/Dex
                  | -1) [potion of mutation]
  3413 | D:5      | Entered Level 5 of the Dungeon
  3414 | D:5      | Identified the +8 whip of Wondrous Power {vorpal, *Noise
                  | Fly SInv}
  3431 | D:5      | Reached skill level 5 in Axes
  3431 | D:5      | Reached skill level 5 in Shields
  3556 | D:5      | Reached skill level 5 in Armour
  3900 | D:5      | Reached XP level 8. HP: 62/62 MP: 8/8
  4541 | D:6      | Reached skill level 6 in Axes
  4671 | D:6      | Found an iron altar of Okawaru.
  4834 | D:6      | Found a runed translucent door.
  4834 | D:6      | Noticed Zonian's ghost (novice DjIE)
  4930 | D:6      | Reached XP level 9. HP: 52/70 MP: 9/9
  5119 | D:6      | Found Tifunair's Antique Armour Shoppe.
  5140 | D:6      | Bought a runed scale mail for 154 gold pieces
  5140 | D:6      | Bought a runed scarf for 176 gold pieces
  5339 | D:6      | Killed Zonian's ghost
  5340 | D:6      | Reached skill level 7 in Axes
  5484 | D:7      | Noticed a hornet
  5486 | D:7      | Paralysed by a hornet for 2 turns
  5493 | D:7      | Killed a hornet
  5652 | D:7      | Reached skill level 5 in Evocations
  5913 | D:7      | Found a snail-covered altar of Cheibriados.
  5920 | D:7      | Found a staircase to the Ecumenical Temple.
  6352 | D:8      | Lost mutation: Your muscles are strong. (Str +4, Int/Dex
                  | -1) [potion of mutation]
  6352 | D:8      | Lost mutation: You occasionally lose the ability to drink
                  | potions when taking damage. [potion of mutation]
  6352 | D:8      | Lost mutation: You are frail. (-10% HP) [potion of
                  | mutation]
  6352 | D:8      | Gained mutation: You are partially covered in iridescent
                  | scales. (AC +2) [potion of mutation]
  6352 | D:8      | Gained mutation: You possess an exceptional clarity of
                  | mind. [potion of mutation]
  6352 | D:8      | Gained mutation: You are mostly covered in iridescent
                  | scales. (AC +4) [potion of mutation]
  6424 | D:8      | Found Tega's Magic Scroll Emporium.
  6461 | D:8      | Found a shimmering altar of Xom.
  6464 | D:8      | Noticed a death yak
  6468 | D:8      | Noticed a death yak
  6471 | D:8      | Killed a death yak
  6471 | D:8      | Noticed a death yak
  6472 | D:8      | Reached skill level 8 in Axes
  6472 | D:8      | Reached XP level 10. HP: 88/88 MP: 10/10
  6481 | D:8      | Killed a death yak
  6482 | D:8      | Reached skill level 5 in Dodging
  6485 | D:8      | Killed a death yak
  6716 | D:8      | Found a staircase to the Lair.
  6943 | D:9      | Noticed Joseph
  6948 | D:9      | Reached skill level 9 in Axes
  6951 | D:9      | Killed Joseph
  7097 | D:9      | Reached XP level 11. HP: 95/95 MP: 11/11
  7393 | D:10     | Entered Level 10 of the Dungeon
  8673 | D:11     | Noticed a two-headed ogre
  8680 | D:11     | Killed a two-headed ogre
  8997 | D:11     | Noticed a two-headed ogre
  9003 | D:11     | Killed a two-headed ogre
  9004 | D:11     | Reached skill level 10 in Axes
  9429 | Lair:1   | Entered Level 1 of the Lair of Beasts
  9454 | Lair:1   | Noticed Nergalle
  9461 | Lair:1   | Killed Nergalle
  9651 | Lair:1   | Found an ancient bone altar of Kikubaaqudgha.
  9919 | Lair:1   | Reached XP level 12. HP: 96/106 MP: 12/12
  9958 | Lair:1   | Reached skill level 10 in Fighting
 10669 | Lair:2   | Found a staircase to the Swamp.
 10956 | Lair:2   | Reached skill level 11 in Axes
 11506 | Lair:3   | Noticed Amaemon
 11515 | Lair:3   | Killed Amaemon
 11597 | Lair:3   | Identified the +3 sling "Mipp" {flame, rN++}
 11684 | Lair:3   | Found a hole to the Spider Nest.
 11698 | Lair:3   | Reached skill level 10 in Shields
 11787 | Lair:3   | Reached skill level 10 in Armour
 12176 | Lair:3   | Reached XP level 13. HP: 104/116 MP: 13/13
 12409 | Lair:4   | Reached skill level 12 in Axes
 13473 | Lair:5   | Entered Level 5 of the Lair of Beasts
 13956 | Lair:5   | Found a staircase to the Slime Pits.
 14195 | Lair:5   | Reached skill level 13 in Axes
 14195 | Lair:5   | Reached XP level 14. HP: 118/126 MP: 14/14
 14562 | Lair:5   | Reached skill level 10 in Evocations
 14707 | Lair:5   | Bought the amulet "Xokum" {Reflect Fly rPois SH+5} for 562
                  | gold pieces
 14820 | Swamp:1  | Entered Level 1 of the Swamp
 15177 | Swamp:1  | Noticed an eleionoma
 15181 | Swamp:1  | Killed an eleionoma
 16016 | D:12     | Found a staircase to the Orcish Mines.
 16050 | Orc:1    | Entered Level 1 of the Orcish Mines
 16070 | Orc:1    | Paralysed by an orc sorcerer for 4 turns
 16327 | Orc:1    | Found a roughly hewn altar of Beogh.
 16495 | Orc:2    | Entered Level 2 of the Orcish Mines
 16631 | Orc:2    | Found a transporter.
 16631 | Orc:2    | Noticed KarmaKiller's ghost (journeyman GrBe)
 16635 | Orc:2    | Found a transporter.
 16734 | Orc:2    | Noticed an orc warlord
 16887 | Orc:2    | Reached skill level 14 in Axes
 16971 | Orc:2    | Found Xiyghog's Assorted Antiques.
 16971 | Orc:2    | Found Buvvoebb's Antique Armour Emporium.
 17023 | Orc:2    | Found Laceisis's Assorted Antiques.
 17023 | Orc:2    | Found Fumiaxuo's Weapon Shop.
 17233 | Orc:2    | Found a staircase to the Elven Halls.
 17362 | Orc:1    | Found Tomaesk's General Store.
 17367 | Orc:1    | Bought a potion of heal wounds for 55 gold pieces
 17463 | Orc:2    | Killed an orc warlord
 17481 | Orc:2    | Killed KarmaKiller's ghost
 17482 | Orc:2    | Reached XP level 15. HP: 136/136 MP: 15/15
 17755 | Abyss:2  | Cast into level 2 of the Abyss (a wizard)
 17812 | Abyss:2  | Noticed a tentacled starspawn
 17823 | Abyss:2  | Killed a tentacled starspawn
 17901 | Abyss:2  | Found a corrupted altar of Lugonu.
 18027 | Abyss:2  | Noticed a tentacled starspawn
 18131 | Abyss:2  | Noticed a tentacled starspawn
 18132 | Abyss:2  | Gained mutation: You have hidden genetic defects. [a
                  | neqoxec]
 18153 | Abyss:2  | Found a corrupted altar of Lugonu.
 18157 | Abyss:2  | Fell from the grace of Gozag
 18157 | Abyss:2  | Became a worshipper of Lugonu the Unformed
 18157 | Abyss:2  | Reached * piety under Lugonu
 18158 | Abyss:2  | Lost mutation: You possess an exceptional clarity of mind.
                  | [potion of mutation]
 18158 | Abyss:2  | Lost mutation: Your spells are a little harder to cast, but
                  | a little more powerful. [potion of mutation]
 18158 | Abyss:2  | Lost mutation: You are mostly covered in iridescent scales.
                  | (AC +4) [potion of mutation]
 18158 | Abyss:2  | Gained mutation: You expend magic power (3 MP) to
                  | strengthen your wands. [potion of mutation]
 18159 | Abyss:2  | Lost mutation: You are partially covered in iridescent
                  | scales. (AC +2) [potion of mutation]
 18159 | Abyss:2  | Lost mutation: You have hidden genetic defects. [potion of
                  | mutation]
 18159 | Abyss:2  | Lost mutation: You expend magic power (3 MP) to strengthen
                  | your wands. [potion of mutation]
 18159 | Abyss:2  | Gained mutation: You are partially covered in iridescent
                  | scales. (AC +2) [potion of mutation]
 18160 | D:12     | Escaped the Abyss
 19137 | D:13     | Reached skill level 1 in Invocations
 19313 | D:13     | Found a gate to the Vaults.
 19993 | D:14     | You are sucked into a shaft and drop 1 floor!
 19993 | D:15     | Entered Level 15 of the Dungeon
 20010 | D:15     | Reached skill level 15 in Axes
 20048 | D:15     | Reached ** piety under Lugonu
 20066 | D:15     | Reached skill level 5 in Invocations
 20077 | D:15     | Reached XP level 16. HP: 40/146 MP: 18/20
 20341 | D:15     | Found a staircase to the Depths.
 20621 | D:15     | Found an opulent altar of Gozag.
 20654 | D:15     | Identified the +8 spear of Rubbish {vorpal, Int+3}
 21036 | D:14     | Found a sparkling altar of Nemelex Xobeh.
 21610 | Swamp:2  | Reached skill level 10 in Dodging
 21617 | Swamp:2  | Reached *** piety under Lugonu
 21848 | Swamp:2  | Noticed a thorn hunter
 21858 | Swamp:2  | Killed a thorn hunter
 22188 | Swamp:2  | You are sucked into a shaft and drop 1 floor!
 22188 | Swamp:3  | Noticed a thorn hunter
 22215 | Swamp:3  | Killed a thorn hunter
 22544 | Swamp:3  | HP: 3/147 [seven-headed hydra[a spriggan druid] (12)]
 22544 | Swamp:3  | Slain by a seven-headed hydra

Illustrated notes

Levels and vault maps discovered:
D:1:      minmay_arrival_four_loops, layout_basic
D:2:      layout_basic, basic_altar
D:3:      minmay_door_path, layout_rooms, glass_columns_a,
          uniq_crazy_yiuf_cottage
D:4:      layout_layer_cave, st_stairs_5
D:5:      layout_loops_corners
D:6:      layout_basic, mainiacjoe_overflow_boulevard, gammafunk_ghost_grave,
          serial_shops, nicolae_shop_crystal
D:7:      lemuel_ice_spiral_2, layout_basic,
          mainiacjoe_overflow_surrounded_room, minmay_temple_entry_hall
D:8:      layout_cave_pools, mainiacjoe_overflow_alcove_1, dpeg_lair_monsters,
          serial_shops, shop
D:9:      layout_rooms, hex_intersection, uniq_joseph
D:10:     layout_roguey
D:11:     layout_basic, patterned_corridor
D:12:     layout_cave_pools, zombieorc2_lemuel, serial_park,
          serial_park_tiny_pond, serial_park_square2, serial_park_square1
          [serial_park_minivault_5x5_6], serial_park_tiny_pond
D:13:     layout_loops_ring, ximxim_vaults_locker_room
D:14:     layout_loops_cross, nemelex_spade_bored_becter
D:15:     gammafunk_depths_entry_grave, layout_basic, grunt_gozag_statues,
          kennysheep_inner_square
Lair:1:   layout_hall_layers, basic_altar, lemuel_fruit_fields,
          serial_bayou_shore_a, grunt_megastairs_5, uniq_nergalle
Lair:2:   layout_gridlike, swamp_mist, lemuel_another_geyser
Lair:3:   layout_regular_city, nicolae_spider_entry_tight_spaces,
          beast_lair_carwin_11, serial_bayou_shore_b, uniq_amaemon
Lair:4:   layout_layer_cave
Lair:5:   hangedman_lair_tendril_chambers, layout_gridlike, slime_entry_1,
          minivault_26
Swamp:1:  layout_basic_swamp, evilmike_swamp_ruin_house_4
Swamp:2:  layout_basic_swamp, evilmike_swamp_ruin_house_2, swamp_pool2
Swamp:3:  layout_falls_marsh, nicolae_swamp_small_spring, swamp_pool3,
          nicolae_swamp_some_circles
Orc:1:    layout_caves, serial_shops, nicolae_square_shop, mines2_david
Orc:2:    grunt_orc_tribal_feast, layout_caves, gammafunk_ghost_arena

Skill      XL: |  1  2  3  4  5  6  7  8  9 10 11 12 13 14 15 16 |
---------------+-------------------------------------------------+-----
Axes           | 3 4 5 6 8 9 10 11 13 14 15 | 15.6
Fighting       | 4 5 6 7 8 9 11 12 13 14 | 14.5
Dodging        | 1 2 3 4 5 6 7 8 9 10 | 10.1
Shields        | 4 5 6 7 8 9 10 11 12 13 | 13.4
Evocations     | 1 2 3 4 5 6 7 8 9 10 11 | 11.8
Armour         | 4 5 6 7 8 9 10 11 12 13 | 13.4
Invocations    | 5 7 |  7.6

Action                   |  1- 3 |  4- 6 |  7- 9 | 10-12 | 13-15 | 16-18 || total
-------------------------+-------+-------+-------+-------+-------+-------++-------
Melee: War axe           |    58 |       |       |       |    43 |       ||   101
       Broad axe         |    21 |    48 |   138 |   255 |   556 |   142 ||  1160
Invok: Call Merchant     |       |       |       |       |     1 |       ||     1
       Bribe Branch      |       |       |       |       |     1 |       ||     1
       Depart the Abyss  |       |       |       |       |     1 |       ||     1
       Banish            |       |       |       |       |       |     2 ||     2
Evoke: Wand              |       |       |       |     5 |     9 |     4 ||    18
       Lightning rod     |       |       |       |       |       |     1 ||     1
  Use: Potion            |     2 |     5 |     4 |     3 |     8 |     5 ||    27
       Scroll            |     2 |     5 |     5 |     5 |     8 |     8 ||    33
 Stab: Distracted        |       |       |     2 |     1 |    12 |     4 ||    19
       Confused          |       |       |       |       |     1 |       ||     1
       Fleeing           |       |       |       |       |     1 |       ||     1
       Invisible         |       |       |       |       |       |     4 ||     4
Armor: Scale mail        |    37 |    13 |    61 |    35 |       |       ||   146
       Storm dragon scal |       |       |       |    25 |       |       ||    25
       Pearl dragon scal |       |       |       |    57 |   268 |   182 ||   507
Dodge: Dodged            |    41 |    18 |    59 |    89 |   181 |   139 ||   527
Block: Buckler           |    21 |    14 |    67 |    43 |       |       ||   145
       Reflection        |       |     2 |     4 |     6 |    28 |     6 ||    46
       Tower shield      |       |       |       |   153 |   687 |   294 ||  1134

Table legend: (Time is in decaauts)
 A = Elapsed time spent in this place.
 B = Non-inter-level travel time spent in this place.
 C = Inter-level travel time spent in this place.
 D = Time resting spent in this place.
 E = Time spent auto-exploring this place.
 F = Levels seen in this place.
 G = Mean time per level.
                   A        B        C        D        E       F      G
               +--------+--------+--------+--------+--------+-----+--------+
         Total |  22891 |  21668 |   1223 |    874 |  17230 |  26 |  880.4 |
       Dungeon |  13072 |  12340 |    732 |    339 |  10145 |  15 |  871.5 |
          Lair |   5771 |   5505 |    266 |    197 |   4432 |   5 | 1154.2 |
         Swamp |   2038 |   1988 |     50 |    282 |   1367 |   3 |  679.3 |
  Orcish Mines |   1600 |   1426 |    174 |      0 |   1133 |   2 |  800.0 |
         Abyss |    407 |    407 |      0 |     56 |    152 |   1 |  407.0 |
               +--------+--------+--------+--------+--------+-----+--------+

Top non-repeatable levels by time:
    D:11: 1399 daAuts
  Lair:5: 1315 daAuts
  Lair:1: 1199 daAuts
  Lair:4: 1169 daAuts
  Lair:2: 1159 daAuts
     D:5: 1107 daAuts
   Orc:2: 1062 daAuts
     D:4: 1055 daAuts
     D:7: 982 daAuts
 Swamp:1: 962 daAuts
  Lair:3: 928 daAuts
    D:14: 922 daAuts
    D:15: 891 daAuts
     D:6: 884 daAuts
     D:1: 882 daAuts
